 Dungeon Crawl Stone Soup version 0.29.1-2-gbd0b4ee654 (webtiles) character file.

Game seed: 1713398419522426737

182 cdecastro the Vexing (level 5, -1/24 HPs)
             Began as a Vine Stalker Enchanter on Nov 14, 2022.
             Killed from afar by an orc wizard (8 damage)
             ... with a puff of flame
             ... on level 2 of the Dungeon.
             The game lasted 00:04:36 (2414 turns).

cdecastro the Vexing (Vine Stalker Enchanter)       Turns: 2414, Time: 00:04:36

Health: -1/24      AC:  3    Str: 11    XL:     5   Next: 62%
Magic:  0/9        EV: 12    Int: 17    God:
Gold:   122        SH:  0    Dex: 20    Spells: 6/8 levels left

rFire   . . .      SeeInvis .   a - +1 dagger
rCold   . . .      Faith    .   (no shield)
rNeg    . . .      Spirit   +   b - +0 robe
rPois   .          Reflect  .   (no helmet)
rElec   .          Harm     .   (no cloak)
rCorr   .          Rampage  .   i - +0 pair of gloves
Will    .....                   (no boots)
Stlth   +++.......              (no amulet)
HPRegen 0.88/turn               g - +6 ring of dexterity
MPRegen 0.11/turn               (no ring)

@: no status effects
A: fangs 2, regeneration 1, magic shield, antimagic bite, no potion heal 2
a: no special abilities


You were on level 2 of the Dungeon.
You visited 1 branch of the dungeon, and saw 3 of its levels.

You collected 122 gold pieces.

Inventory:

Hand Weapons
 a - a +1 dagger (weapon)
Missiles
 q - 6 poisoned darts
Armour
 b - a +0 robe (worn)
 i - a +0 pair of gloves (worn)
Jewellery
 g - a +6 ring of dexterity (left hand)
Scrolls
 d - a scroll of fear {unknown}
 e - a scroll of immolation {unknown}
 f - a scroll of teleportation {unknown}
 k - a scroll of vulnerability {unknown}
 m - a scroll of amnesia {unknown}
 n - a scroll of fog {unknown}
 o - 2 scrolls of identify {unknown}
Potions
 c - 2 potions of invisibility
 h - 2 potions of flight {unknown}
 j - a potion of brilliance {unknown}
 l - a potion of haste {unknown}
 p - a potion of curing {unknown}


   Skills:
 - Level 0.8 Short Blades
 - Level 1.5 Dodging
 - Level 3.6 Stealth
 - Level 2.1 Spellcasting
 + Level 6.1 Hexes


You had 6 spell levels left.
You knew the following spells:

 Your Spells              Type           Power      Damage    Failure   Level
a - Ensorcelled Hibernat  Hex/Ice        24%        N/A       9%          2

Your spell library contained the following spells:

 Spells                   Type           Power      Damage    Failure   Level
 Confusing Touch          Hex            22%        N/A       4%          3
 Tukima's Dance           Hex            22%        N/A       4%          3
 Dazzling Flash           Conj/Hex       24%        N/A       16%         3
 Inner Flame              Hex/Fire       12%        N/A       16%         3
 Cause Fear               Hex            11%        N/A       16%         4
 Discord                  Hex            11%        N/A       100%        8


Dungeon Overview and Level Annotations

Branches:
Dungeon (3/15)

Altars:


Innate Abilities, Weirdness & Mutations

You have extremely sharp teeth.
Your natural rate of healing is unusually fast.
When hurt, damage is shared between your health and your magic reserves.
Your bite disrupts and absorbs the magic of your enemies.
Potions cannot restore your health.


Message History

There is a stone staircase leading down, spattered with blood here.
Things that are here:
a +0 robe; a +0 dagger Unknown command.
You hit the orc wizard.
You bite the orc wizard, but do no damage.
The orc wizard is moderately wounded.
The orc wizard closely misses you.
You hit the orc wizard. Your bite misses the orc wizard.
The orc wizard is moderately wounded.
The orc wizard hits you with a +0 dagger.
You barely miss the orc wizard.
The orc wizard is moderately wounded.
You hit the orc wizard.
The orc wizard is severely wounded.
The orc wizard gestures at you while chanting.
The magic dart hits you.
* * * LOW HITPOINT WARNING * * *
You closely miss the orc wizard. Your bite misses the orc wizard.
The orc wizard is severely wounded.
The orc wizard closely misses you.
You hit the orc wizard.
The orc wizard is almost dead.
The orc wizard hits you with a +0 dagger.
You barely miss the orc wizard.
The orc wizard is almost dead.
The orc wizard hits you but does no damage.
You hit the orc wizard but do no damage.
The orc wizard is almost dead.
The orc wizard casts a spell at you. The puff of flame hits you!
* * * LOW HITPOINT WARNING * * *
You closely miss the orc wizard.
The orc wizard is almost dead.
The orc wizard barely misses you.
You hit the orc wizard.
The orc wizard is almost dead.
The orc wizard casts a spell at you. The puff of flame hits you!
You die...

#.#####.#.##
#.#######...#.###
#)# ##.#####.#
##....... #.#
####....#
#....... #.#
#.#### #.......
#.# #.###
#####....... #.#
#...#
#...........
###.# ###.#
#.###.......
#...# #o#
#.###.......
#...# #@#
#...).......
##...# #.#
#..#####.###
.....# #.# #..#
#.# ###.## #.#
#..# #.# #.# #.#
#..# #.# #.#
#.#####..# #.#
#.#
#.##.....#####.#
#.#
#.##.###.......#
##.##
#.##.###..######


You could see an orc wizard.

Vanquished Creatures
  An orc wizard (D:2)
  Natasha (thrice) (D:2)
  A gnoll (D:1)
  An adder (D:2)
  3 worms (D:2)
  3 dart slugs
  An orc (D:3)
  8 ball pythons
  5 endoplasms
  2 giant cockroaches
  3 goblins
  11 hobgoblins
  8 kobolds
  5 bats
  3 frilled lizards
  2 rats
60 creatures vanquished.

Notes
Turn   | Place    | Note
-------+----------+-------------------------------------------
     0 | D:1      | cdecastro the Vine Stalker Enchanter began the quest for
                  | the Orb.
     0 | D:1      | Reached XP level 1. HP: 9/9 MP: 4/4
   226 | D:1      | Reached XP level 2. HP: 11/13 MP: 6/6
   241 | D:1      | Learned a level 2 spell: Ensorcelled Hibernation
   588 | D:1      | Reached skill level 4 in Hexes
   732 | D:1      | Reached XP level 3. HP: 9/16 MP: 0/7
  1265 | D:2      | Found a faded altar of an unknown god.
  1346 | D:2      | Gained mutation: Your natural rate of healing is unusually
                  | fast. [Vine Stalker growth]
  1346 | D:2      | Reached XP level 4. HP: 17/21 MP: 3/8
  1548 | D:2      | Noticed Natasha
  1555 | D:2      | Killed Natasha
  1556 | D:2      | Reached skill level 5 in Hexes
  1900 | D:2      | Noticed Natasha
  1908 | D:2      | Killed Natasha
  1909 | D:2      | Reached XP level 5. HP: 22/24 MP: 0/9
  2106 | D:2      | Noticed Natasha
  2113 | D:2      | Killed Natasha
  2114 | D:2      | Reached skill level 6 in Hexes
  2397 | D:3      | Noticed a sky beast
  2414 | D:2      | Killed from afar by an orc wizard

Illustrated notes

Levels and vault maps discovered:
D:1:      heliophobic_arrival_glass_houses, layout_basic
D:2:      layout_loops_ring, basic_ecumenical_altar, minmay_tetromino_s2,
          uniq_natasha
D:3:      layout_rooms, kennysheep_generic_room_3, uniq_grinder

Skill      XL: |  1  2  3  4  5 |
---------------+----------------+-----
Hexes          | 4 5 6 |  6.1
Short Blades   | |  0.8
Dodging        | |  1.5
Stealth        | |  3.6
Spellcasting   | |  2.1

Action                   |  1- 3 |  4- 6 || total
-------------------------+-------+-------++-------
Melee: Dagger            |    87 |    60 ||   147
       Bite              |    21 |    12 ||    33
 Cast: Ensorcelled Hiber |     6 |    17 ||    23
 Stab: Sleeping          |    13 |    15 ||    28
       Distracted        |     1 |       ||     1
Armor: Robe              |    18 |     9 ||    27
Dodge: Dodged            |    67 |    32 ||    99
